 Dungeon Crawl Stone Soup version 0.31-a0-369-g8eba5f6939 (webtiles) character file.

Game seed: 12741331858908477267

130813 Shard1697 the Severer (level 16, -2/146 HPs)
             Began as an Armataur Gladiator on July 28, 2023.
             Was the Champion of Nemelex Xobeh.
             Succumbed to a guardian serpent's bolt of poison
             ... on level 2 of the Snake Pit.
             The game lasted 00:40:21 (21340 turns).

Shard1697 the Severer (Armataur Gladiator)         Turns: 21340, Time: 00:40:22

Health: -2/146     AC: 36    Str: 28    XL:     16   Next: 53%
Magic:  24/24      EV: 10    Int:  8    God:    Nemelex Xobeh [******]
Gold:   1397       SH: 23    Dex: 20    Spells: 15/15 levels left

rFire   + . .        a - +2 broad axe (distort)
rCold   + + .        Z - +0 tower shield
rNeg    . . .        G - +7 plate armour {ponderous}
rPois   x            A - +2 hat {Will+}
rElec   .            Q - +0 cloak
rCorr   .            W - +1 pair of gloves of the New World {Dex+4}
SInv    .            S - +1 barding "Oskuef" {Stlth+}
Will    ++...        l - amulet of reflection
Stlth   +            M - +5 ring of evasion
HPRegen 1.24/turn    o - +4 ring of protection
MPRegen 0.19/turn

%: reflection, roll
@: lethally poisoned (-2 -> -30), poison vulnerable, slow
A: large, rugged brown scales 3, deformed body, armoured tail, roll, long
tongue, awkward tongue, thin skeletal structure 1, cold resistance 2, fire
resistance 1, regeneration 1, strong 1, MP-powered wands
a: Renounce Religion, Draw Escape, Draw Destruction, Draw Summoning, Triple
Draw, Deal Four, Stack Five


You were on level 2 of the Snake Pit.
You worshipped Nemelex Xobeh.
Nemelex Xobeh was exalted by your worship.
You visited 5 branches of the dungeon, and saw 25 of its levels.
You visited the Abyss 1 time.
You also visited: Gauntlet.

You collected 2429 gold pieces.
You spent 1032 gold pieces at shops.

Inventory:

Hand Weapons
 a - a +2 broad axe of distortion (weapon)
Armour
 k - a scarf of invisibility
 y - +0 swamp dragon scales
 A - a +2 hat of willpower (worn)
 G - a +7 plate armour of ponderousness (worn)
 Q - a +0 cloak (worn)
 S - the +1 barding "Oskuef" (worn) {Stlth+}
   (You acquired it on level 12 of the Dungeon)

   Stlth:     It makes you more stealthy.
 V - a scarf of resistance
 W - the +1 pair of gloves of the New World (worn) {Dex+4}
   (You found it in a Gauntlet)

   Dex:       It affects your dexterity (+4).
 Z - a +0 tower shield (worn)
Jewellery
 l - an amulet of reflection (around neck)
 o - a +4 ring of protection (right hand)
 q - a ring of resist corrosion
 r - a ring of positive energy
 J - a ring of protection from cold
 M - a +5 ring of evasion (left hand)
Wands
 s - a wand of flame (74)
 t - a wand of charming (5)
 x - a wand of iceblast (36)
 C - a wand of polymorph (5)
 H - a wand of mindburst (4)
 L - a wand of acid (15)
Scrolls
 c - a scroll of fear
 j - 10 scrolls of revelation
 n - a scroll of silence
 u - 6 scrolls of teleportation
 D - 3 scrolls of poison
 E - 5 scrolls of fog
 F - 5 scrolls of blinking
 I - 4 scrolls of identify
 N - a scroll of brand weapon
 P - 2 scrolls of butterflies
Potions
 b - 11 potions of ambrosia
 d - 3 potions of might
 e - 5 potions of curing
 f - 4 potions of mutation
 g - 3 potions of cancellation
 h - 4 potions of haste
 i - a potion of enlightenment
 p - a potion of magic
 z - 3 potions of lignification
 B - 2 potions of berserk rage
 K - a potion of resistance
 R - 2 potions of heal wounds
 X - a potion of attraction
Miscellaneous
 v - a lightning rod (4/4)
 U - a sack of spiders
 Y - a tin of tremorstones (2/2)


   Skills:
 - Level 11.1 Fighting
 * Level 17.9 Axes
 - Level 1.7 Throwing
 - Level 10.3 Armour
 - Level 5.3 Dodging
 - Level 6.0 Stealth
 * Level 11.0 Shields
 + Level 10.9 Invocations


You had 15 spell levels left.
You didn't know any spells.
Your spell library contained the following spells:

 Spells                   Type           Power      Damage    Failure   Level
 Apportation              Tloc           0%         N/A       100%        1
 Foxfire                  Conj/Fire      0%         2x1d4     100%        1
 Blink                    Tloc           0%         N/A       100%        2
 Cigotuvi's Dreadful Rot  Necr/Pois/Air  0%         N/A       100%        2
 Ensorcelled Hibernation  Hex/Ice        0%         N/A       100%        2
 Passwall                 Tmut/Erth      0%         N/A       100%        2
 Sublimation of Blood     Necr           0%         N/A       100%        2
 Wereblood                Tmut           0%         N/A       100%        2
 Ignite Poison            Fire/Tmut/Pois 0%         N/A       100%        3
 Summon Guardian Golem    Hex/Summ       0%         N/A       100%        3
 Swiftness                Air            0%         N/A       100%        3
 Tukima's Dance           Hex            0%         N/A       100%        3
 Manifold Assault         Tloc           0%         N/A       100%        4
 Olgreb's Toxic Radiance  Pois           0%         N/A       100%        4
 Passage of Golubria      Tloc           0%         N/A       100%        4
 Summon Ice Beast         Ice/Summ       0%         N/A       100%        4
 Alistair's Intoxication  Tmut/Pois      0%         N/A       100%        5
 Freezing Cloud           Conj/Ice/Air   0%         6-21      100%        5
 Summon Forest            Summ/Tloc      0%         N/A       100%        5
 Summon Mana Viper        Hex/Summ       0%         N/A       100%        5
 Yara's Violent Unravell  Hex/Tmut       0%         3d3       100%        5
 Eringya's Noxious Bog    Tmut/Pois      0%         4d6       100%        6
 Plasma Beam              Fire/Air       0%         2x1d10    100%        6
 Starburst                Conj/Fire      0%         6d3       100%        6
 Summon Cactus Giant      Summ           0%         N/A       100%        6
 Monstrous Menagerie      Summ           0%         N/A       100%        7
 Orb of Destruction       Conj           0%         9d5       100%        7
 Spellforged Servitor     Conj/Summ      0%         N/A       100%        7
 Summon Hydra             Summ           0%         N/A       100%        7
 Discord                  Hex            0%         N/A       100%        8
 Ignition                 Fire           0%         3d3       100%        8


Dungeon Overview and Level Annotations

Branches:
Dungeon (15/15)            Temple (1/1) D:4            Lair (5/5) D:9
 Shoals (0/4) Lair:3        Snake (2/4) Lair:2        Slime (0/5) Lair:4
    Orc (2/2) D:10            Elf (0/3) Orc:2        Vaults (0/5) D:14
 Depths (0/4) D:15        Gauntlet (visited)

Altars:
Ashenzari
Cheibriados
Dithmenos
Elyvilon
Fedhas
Gozag
Hepliaklqana
Kikubaaqudgha
Makhleb
Nemelex Xobeh
Okawaru
Qazlal
Ru
Sif Muna
Trog
Uskayaw
Vehumet
Wu Jian
Xom
Yredelemnul
Zin
The Shining One
Jiyva
Lugonu

Shops:
D:4 =   D:9 (   D:10 (?   D:15 :   Orc:2 (*:?

Portals:
Abyss: Lair:5
Pandemonium: Orc:2

Annotations:
Abyss:1 Harold, Jorgrun, Rupert, Urug


Innate Abilities, Weirdness & Mutations

You are completely covered in rugged brown scales. (AC +3, +7% HP)
Armour fits poorly on your strangely shaped body.
You have a long armoured tail.
You roll when moving toward enemies. (Rampage)
Your long tongue fully drains potion bottles. (2x potion effects)
Your tongue gives you trouble enunciating. (1.5x scroll delay)
You have a somewhat thin skeletal structure. (Dex +2, Stealth+)
Your flesh is very cold resistant. (rC++)
Your flesh is heat resistant. (rF+)
Your natural rate of healing is unusually fast.
Your muscles are strong. (Str +4, Int/Dex -1)
You expend magic power (3 MP) to strengthen your wands.


Message History

The naga mage closely misses you. The naga mage grabs you.
The naga mage constricts you.
You slash the naga mage!
Space warps around the naga mage.
You kill the naga mage!
You feel very sick.
You feel very sick.
Things that are here:
a +0 long sword; a +0 robe You feel very sick.
You slice the naga mage!!
The naga mage is heavily wounded.
You feel very sick.
You hear a shout! x2
A naga warrior comes into view. It is wielding a +0 battleaxe.
The naga mage spits poison at you. The splash of poison misses you.
You slash the naga mage!
Space warps around the naga mage.
The naga mage is almost dead.
You feel sick. You block the naga mage's attack. x2
The naga warrior roars a battlecry!
The naga mage goes into a battle-frenzy!
You slice the naga mage!!
You kill the naga mage!
You feel sick.
A guardian serpent comes into view.
You roll towards the naga warrior!
You slice the naga warrior!!
Space warps around the naga warrior.
The naga warrior is moderately wounded.
You feel sick.
The guardian serpent casts a spell at you.
The bolt of poison hits the naga warrior.
The bolt of poison hits you!!!
You are more poisoned.
* * * LOW HITPOINT WARNING * * *
You hit the naga warrior but do no damage.
Space warps around the naga warrior.
You tail-slap the naga warrior, but do no damage.
The naga warrior is heavily wounded.
You die...
Your body glows with a rainbow of weird colours and disappears.

....#####)...##
.... #.....# #
#..####.#...#
#.......))..##
##........)..#
#####....##.###
##.)........
#.##...##.. #@#
...# #N# ...#
S.# #### .###
##


You could see a naga warrior and a guardian serpent.

Vanquished Creatures
  Frances (D:15)
  Gastronok (D:8)
  Donald (Orc:2)
  The ghost of zazu2006 the Fighter, a journeyman GnWn of Vehumet (Lair:5)
  Azrael (Orc:2)
  A dire elephant (Lair:5)
  An ettin (D:14)
  A fire dragon (D:15)
  An entropy weaver (shapeshifter) (D:14)
  A great orb of eyes (D:14)
  Josephine (Orc:1)
  3 vault guards (D:14)
  5 hydras
  Erolcha (Orc:1)
  2 catoblepae
  2 demonspawn (Orc:2)
  A hell beast (Gauntlet)
  5 two-headed ogres
  6 centaur warriors
  A two-headed ogre (shapeshifter) (D:10)
  Erica (D:8)
  6 death yaks
  3 boulder beetles
  3 naga sharpshooters
  4 thrashing horrors
  A titan zombie (D:15)
  5 orc high priests (Orc:2)
  Sonja (Lair:2)
  A vampire mage (D:15)
  2 skysharks (Lair:4)
  A skeletal warrior (D:14)
  A salamander mystic (Snake:2)
  A spark wasp zombie (D:15)
  6 orc knights
  A naga ritualist (Snake:2)
  A necromancer (D:15)
  Pikel (D:6)
  7 ugly things
  A deep elf pyromancer (D:13)
  A mana viper (Snake:1)
  7 orc sorcerers
  7 cyclopes
  A harpy (Lair:3)
  5 salamanders (Snake:2)
  3 manticores
  8 elephants
  Maurice (Orc:2)
  Joseph (D:7)
  11 black mambas
  A gargoyle (D:11)
  2 smoke demons (Lair:5)
  Maggie (D:6)
  4 naga magi
  A rust devil (Orc:2)
  6 cane toads
  2 large abominations (Lair:5)
  8 komodo dragons
  3 kobold demonologists
  An unseen horror (D:13)
  2 rime drakes (Lair:5)
  2 guardian mummies (D:15)
  A yaktaur (D:15)
  A freezing wraith (D:14)
  An ice devil (Orc:2)
  4 meliai (D:14)
  7 trolls
  Grinder (D:3)
  A queen bee (shapeshifter) (D:13)
  A polar bear (Lair:5)
  22 blink frogs
  6 raiju
  A hornet (D:8)
  A tyrant leech (Gauntlet)
  Prince Ribbit (D:7)
  5 dream sheep (Lair:5)
  2 slime creatures (D:13)
  2 shadows (D:10)
  2 ynoxinuls (Lair:5)
  3 wyverns
  28 yaks
  A vampire (D:10)
  3 wraiths (Orc:1)
  A basilisk (shapeshifter) (Lair:5)
  4 basilisks
  A golden eye (Snake:1)
  2 steam dragons
  2 fire elementals (Orc:2)
  4 vampire mosquitoes (D:14)
  2 chaos spawn
  3 wargs
  2 acid dragons
  A swamp worm (Gauntlet)
  11 small abominations
  8 nagas
  Duvessa (D:6)
  15 water moccasins
  3 hell hounds
  2 ice beasts (D:5)
  33 orc warriors
  2 black bears
  A tengu (shapeshifter) (Lair:5)
  4 ogres
  A boggart (D:14)
  26 wolves
  20 centaurs
  3 kobold brigands
  A phantom (D:4)
  3 lemures (D:6)
  A gnoll sergeant (D:9)
  10 bullfrogs
  2 scorpions (D:5)
  18 wights (D:8)
  Dowan (D:6)
  22 killer bees
  2 electric eels (Lair:4)
  A howler monkey (D:8)
  2 jellies (Lair:4)
  19 orc priests
  3 hounds
  A gnoll bouda (D:10)
  A sleepcap (D:8)
  15 orc wizards
  4 hell rats (Lair:5)
  Robin (D:2)
  6 gnolls
  9 adders
  A shadow imp (D:7)
  A white imp (D:6)
  93 orcs
  4 endoplasms
  4 giant cockroaches
  12 hobgoblins
  18 jackals
  2 quokkas
  3 training dummies (D:9)
  4 ball pythons
  4 bats
  5 frilled lizards
  18 goblins
  30 kobolds
  2 rats
731 creatures vanquished.

Vanquished Creatures (others)
  A ball python (D:3)
1 creature vanquished.

Grand Total: 732 creatures vanquished

Notes
Turn   | Place    | Note
-------+----------+-------------------------------------------
     0 | D:1      | Shard1697 the Armataur Gladiator began the quest for the
                  | Orb.
     0 | D:1      | Reached XP level 1. HP: 18/18 MP: 1/1
    96 | D:1      | Reached XP level 2. HP: 18/25 MP: 2/2
   100 | D:1      | Reached skill level 3 in Axes
   623 | D:2      | Found an ornate altar of the Wu Jian Council.
   668 | D:2      | Found a faded altar of an unknown god.
   700 | D:2      | Reached XP level 3. HP: 25/31 MP: 3/3
   804 | D:2      | Identified the +1 leather armour of the Blessed Realm
                  | {Harm}
  1179 | D:2      | Reached skill level 4 in Axes
  1188 | D:2      | Reached XP level 4. HP: 35/38 MP: 4/4
  1344 | D:3      | Noticed Robin
  1486 | D:2      | Killed Robin
  1660 | D:3      | Found a shadowy altar of Dithmenos.
  1728 | D:3      | Noticed Grinder
  1735 | D:3      | Paralysed by Grinder for 5 turns
  1743 | D:3      | Gained mutation: Your flesh is cold resistant. (rC+)
                  | [potion of mutation]
  1743 | D:3      | Gained mutation: You expend magic power (3 MP) to
                  | strengthen your wands. [potion of mutation]
  1743 | D:3      | Gained mutation: Your natural rate of healing is unusually
                  | fast. [potion of mutation]
  1743 | D:3      | Gained mutation: Your flesh is very cold resistant. (rC++)
                  | [potion of mutation]
  1743 | D:3      | Gained mutation: Your muscles are strong. (Str +4, Int/Dex
                  | -1) [potion of mutation]
  1743 | D:3      | Gained mutation: You have a somewhat thin skeletal
                  | structure. (Dex +2, Stealth+) [potion of mutation]
  1743 | D:3      | Gained mutation: Your flesh is heat resistant. (rF+)
                  | [potion of mutation]
  1746 | D:3      | Paralysed by Grinder for 3 turns
  1760 | D:3      | Paralysed by Grinder for 3 turns
  1766 | D:3      | Killed Grinder
  1767 | D:3      | Reached skill level 5 in Axes
  1767 | D:3      | Reached XP level 5. HP: 30/43 MP: 5/5
  1767 | D:3      | Reached XP level 6. HP: 36/51 MP: 6/6
  1792 | D:3      | Identified the +1 leather armour "Nyexaruu" {Int+4 Dex+4}
  2279 | D:4      | Reached skill level 6 in Axes
  2412 | D:4      | Found a staircase to the Ecumenical Temple.
  2420 | Temple   | Entered the Ecumenical Temple
  2595 | D:4      | Found Guty's Jewellery Emporium.
  2752 | D:4      | Found a shimmering blue altar of Sif Muna.
  2956 | D:5      | Entered Level 5 of the Dungeon
  2967 | D:5      | Noticed an ice beast
  2983 | D:5      | Killed an ice beast
  2984 | D:5      | Reached XP level 7. HP: 56/56 MP: 7/7
  3035 | D:5      | Reached skill level 7 in Axes
  4143 | D:6      | Noticed Duvessa
  4144 | D:6      | Noticed Dowan
  4148 | D:6      | Reached skill level 8 in Axes
  4154 | D:6      | Reached XP level 8. HP: 50/64 MP: 8/8
  4155 | D:6      | Killed Dowan
  4155 | D:6      | Killed Duvessa
  4290 | D:6      | Noticed Maggie
  4310 | D:6      | Killed Maggie
  4311 | D:6      | Reached skill level 9 in Axes
  4400 | D:6      | Noticed Pikel
  4414 | D:6      | Killed Pikel
  4415 | D:6      | Reached XP level 9. HP: 71/74 MP: 9/9
  4821 | D:7      | Reached skill level 10 in Axes
  5021 | D:7      | Noticed Joseph
  5055 | D:7      | Killed Joseph
  5145 | D:7      | Reached skill level 5 in Fighting
  5188 | D:7      | Noticed Prince Ribbit
  5201 | D:7      | Killed Prince Ribbit
  5448 | D:8      | Noticed Erica
  5482 | D:8      | Killed Erica
  5483 | D:8      | Reached skill level 11 in Axes
  5483 | D:8      | Reached XP level 10. HP: 80/89 MP: 10/10
  5774 | D:8      | Noticed Gastronok
  5791 | D:8      | Killed Gastronok
  6127 | D:9      | Noticed a death yak
  6128 | D:9      | Noticed a death yak
  6128 | D:9      | Noticed a death yak
  6128 | D:9      | Noticed a death yak
  6128 | D:9      | Noticed a death yak
  6216 | D:8      | Banished a death yak
  6217 | D:8      | Reached skill level 12 in Axes
  6336 | D:9      | Found Ruzah's Firing Range.
  6382 | D:9      | Found a staircase to the Lair.
  6426 | D:9      | Noticed a death yak
  6435 | D:9      | Killed a death yak
  6443 | D:9      | Killed a death yak
  6444 | D:9      | Reached XP level 11. HP: 48/101 MP: 11/11
  6497 | D:9      | Killed a death yak
  6589 | D:9      | Killed a death yak
  6600 | D:9      | Killed a death yak
  7534 | D:10     | Entered Level 10 of the Dungeon
  7664 | D:10     | Found Wejush's Magic Scroll Shop.
  7690 | D:10     | Bought a scroll of teleportation for 39 gold pieces
  7690 | D:10     | Bought a scroll of teleportation for 39 gold pieces
  7690 | D:10     | Bought a scroll of silence for 123 gold pieces
  7690 | D:10     | Bought 2 scrolls of revelation for 195 gold pieces
  7737 | D:10     | Noticed a two-headed ogre
  7739 | D:10     | Noticed a two-headed ogre
  7741 | D:10     | Noticed a six-headed hydra
  7757 | D:10     | Killed a two-headed ogre
  7758 | D:10     | Reached skill level 10 in Fighting
  7758 | D:10     | Killed a two-headed ogre
  7759 | D:10     | Reached skill level 13 in Axes
  7837 | D:10     | Killed a six-headed hydra
  7904 | Abyss:1  | Cast into level 1 of the Abyss (centaur)
  7949 | Abyss:1  | Noticed a reaper
  7995 | Abyss:1  | Noticed a starcursed mass
  8001 | Abyss:1  | Noticed a thrashing horror
  8011 | D:10     | Escaped the Abyss
  8011 | D:10     | HP: 1/108 [centaur/arrow (11)]
  8025 | D:10     | Killed a thrashing horror
  8027 | D:10     | Reached XP level 12. HP: 80/115 MP: 12/12
  8062 | D:10     | Noticed Harold
  8076 | D:10     | Banished Harold
  8187 | D:10     | Found a blossoming altar of Fedhas.
  8187 | D:10     | Found a sparkling altar of Nemelex Xobeh.
  8188 | D:10     | Found a white marble altar of Elyvilon.
  8194 | D:10     | Became a worshipper of Nemelex Xobeh the Trickster
  8339 | D:10     | Noticed a two-headed ogre
  8347 | D:10     | Killed a two-headed ogre
  8348 | D:10     | Reached skill level 1 in Armour
  8468 | D:10     | Found a staircase to the Orcish Mines.
  8471 | D:10     | Found Zourel's Weapon Boutique.
  8697 | D:11     | Reached skill level 1 in Invocations
  8745 | D:11     | Noticed a boulder beetle
  8758 | D:11     | Killed a boulder beetle
  8759 | D:11     | Reached skill level 14 in Axes
  8791 | D:11     | Noticed a two-headed ogre
  8794 | D:11     | Banished a two-headed ogre
  8795 | D:11     | Reached skill level 5 in Armour
  8807 | D:11     | Identified the +9 war axe "Boryll" {venom, rF+ Str-2 Int+5}
  9138 | Lair:1   | Entered Level 1 of the Lair of Beasts
  9267 | Lair:1   | Reached * piety under Nemelex Xobeh
  9286 | Lair:1   | Received a gift from Nemelex Xobeh
  9286 | Lair:1   | You fall into a shaft and drop 1 floor!
  9747 | Lair:1   | Reached ** piety under Nemelex Xobeh
  9790 | Lair:1   | Received a gift from Nemelex Xobeh
 10020 | Lair:2   | Found a transporter.
 10020 | Lair:2   | Found a transporter.
 10021 | Lair:2   | Noticed a boulder beetle
 10041 | Lair:2   | Killed a boulder beetle
 10159 | Lair:2   | Found a staircase to the Snake Pit.
 10206 | Lair:2   | Noticed Sonja
 10225 | Lair:2   | Killed Sonja
 10375 | Lair:2   | Reached XP level 13. HP: 117/124 MP: 16/16
 11140 | Lair:3   | Found a staircase to the Shoals.
 11150 | Lair:3   | Reached skill level 5 in Invocations
 11238 | Lair:3   | Noticed Urug
 11290 | Lair:3   | Banished Urug
 11388 | Lair:3   | Received a gift from Nemelex Xobeh
 11559 | Lair:3   | Reached *** piety under Nemelex Xobeh
 11724 | Lair:3   | Found a broken altar of Ashenzari.
 12023 | Lair:4   | Reached skill level 15 in Axes
 12035 | Lair:4   | Received a gift from Nemelex Xobeh
 12522 | Lair:4   | Reached skill level 10 in Armour
 12637 | Lair:4   | Found a viscous altar of Jiyva.
 12641 | Lair:4   | Reached **** piety under Nemelex Xobeh
 12644 | Lair:4   | Found a staircase to the Slime Pits.
 12964 | Lair:5   | Entered Level 5 of the Lair of Beasts
 13017 | Lair:5   | Reached skill level 1 in Stealth
 13072 | Lair:5   | Reached XP level 14. HP: 74/132 MP: 19/19
 13193 | Lair:5   | Found a large runed translucent door.
 13194 | Lair:5   | Found a large runed translucent door.
 13195 | Lair:5   | Noticed zazu2006's ghost (journeyman GnWn)
 13510 | Lair:5   | Found a corrupted altar of Lugonu.
 13510 | Lair:5   | Found a one-way gate to the infinite horrors of the Abyss.
 13688 | Lair:5   | Reached skill level 5 in Stealth
 13729 | Lair:5   | Received a gift from Nemelex Xobeh
 14332 | Lair:5   | Killed zazu2006's ghost
 14558 | Orc:1    | Entered Level 1 of the Orcish Mines
 14845 | Orc:1    | Noticed Jorgrun
 14954 | Orc:1    | Banished Jorgrun
 15052 | Orc:1    | Noticed Josephine
 15072 | Orc:1    | Killed Josephine
 15082 | Orc:1    | Noticed Erolcha
 15114 | Orc:1    | Killed Erolcha
 15115 | Orc:1    | Reached skill level 16 in Axes
 15115 | Orc:1    | Reached skill level 5 in Dodging
 15479 | Orc:2    | Entered Level 2 of the Orcish Mines
 15498 | Orc:2    | Noticed Donald
 15509 | Orc:2    | Killed Donald
 15593 | Orc:2    | Noticed Maurice
 15624 | Orc:2    | Killed Maurice
 15925 | Orc:2    | Reached skill level 1 in Shields
 15974 | Orc:2    | Found Rakiad's Magic Scroll Boutique.
 15991 | Orc:2    | Found Weittig's General Store.
 16054 | Orc:2    | Reached XP level 15. HP: 138/138 MP: 22/22
 16066 | Orc:2    | Reached skill level 10 in Invocations
 16082 | Orc:2    | Bought a scroll of enchant armour for 90 gold pieces
 16084 | Orc:2    | Bought a scroll of blinking for 105 gold pieces
 16286 | Orc:2    | Found Poerihea's Antique Weapon Emporium.
 16286 | Orc:2    | Found Fahunwa's Book Shoppe.
 16287 | Orc:2    | Found a one-way gate leading to the halls of Pandemonium.
 16296 | Orc:2    | Reached skill level 5 in Shields
 16361 | Orc:2    | Received a gift from Nemelex Xobeh
 16400 | Orc:2    | Noticed Azrael
 16416 | Orc:2    | Killed Azrael
 16438 | Orc:2    | Found a staircase to the Elven Halls.
 16438 | Orc:2    | Reached ***** piety under Nemelex Xobeh
 16631 | Orc:2    | Bought a scroll of teleportation for 42 gold pieces
 16631 | Orc:2    | Bought a scroll of revelation for 105 gold pieces
 16631 | Orc:2    | Bought 2 scrolls of revelation for 210 gold pieces
 16631 | Orc:2    | Bought a scroll of identify for 28 gold pieces
 16631 | Orc:2    | Bought a scroll of fog for 56 gold pieces
 17128 | D:12     | Identified a scroll of acquirement
 17144 | D:12     | Acquired the +1 barding "Oskuef" {Stlth+}
 17233 | D:12     | Received a gift from Nemelex Xobeh
 17481 | D:13     | Noticed Rupert
 17481 | D:13     | Paralysed by Rupert for 3 turns
 17490 | D:13     | Paralysed by Rupert for 3 turns
 17502 | D:13     | Banished Rupert
 17648 | D:13     | Received a gift from Nemelex Xobeh
 17925 | D:13     | Received a gift from Nemelex Xobeh
 18120 | D:14     | Reached skill level 17 in Axes
 18132 | D:14     | Found a gate to the Vaults.
 18197 | D:14     | Found a gate leading to a gauntlet.
 18204 | Gauntlet | Entered a Gauntlet
 18204 | Gauntlet | Found a transporter.
 18243 | Gauntlet | Found a transporter.
 18255 | Gauntlet | Found a transporter.
 18260 | Gauntlet | Found a transporter.
 18269 | Gauntlet | Found a transporter.
 18289 | Gauntlet | Found a transporter.
 18292 | Gauntlet | Found a transporter.
 18296 | Gauntlet | Found a transporter.
 18327 | Gauntlet | Found a transporter.
 18344 | Gauntlet | Found a transporter.
 18348 | Gauntlet | Found a transporter.
 18352 | Gauntlet | Found a runed translucent door.
 18352 | Gauntlet | Found a runed translucent door.
 18356 | Gauntlet | Found a transporter.
 18358 | Gauntlet | Received a gift from Nemelex Xobeh
 18434 | Gauntlet | Got Nekient's Vellum of Karma
 18459 | Gauntlet | Identified the +1 pair of gloves of the New World {Dex+4}
 18492 | Gauntlet | Identified the +4 hand axe of Wyrd {freeze, Str+2}
 18647 | D:14     | Found a runed translucent door.
 18802 | D:14     | Noticed Frances
 19334 | D:14     | Reached XP level 16. HP: 138/146 MP: 23/23
 19440 | D:15     | Entered Level 15 of the Dungeon
 19445 | D:15     | Received a gift from Nemelex Xobeh
 19716 | D:15     | Received a gift from Nemelex Xobeh
 19924 | D:15     | Found Bulabb's Tremendous Tomes.
 19943 | D:15     | Found a staircase to the Depths.
 19970 | D:15     | Reached skill level 10 in Shields
 19987 | D:15     | Received a gift from Nemelex Xobeh
 19998 | D:15     | Reached ****** piety under Nemelex Xobeh
 20208 | D:15     | Killed Frances
 20636 | Snake:1  | Entered Level 1 of the Snake Pit
 20693 | Snake:1  | Received a gift from Nemelex Xobeh
 20862 | Snake:1  | Received a gift from Nemelex Xobeh
 21269 | Snake:2  | Identified the +3 scimitar of the Unkillable {flame, rN++
                  | SInv Stlth+}
 21339 | Snake:2  | HP: 5/146 [guardian serpent/bolt of poison (36)]
 21340 | Snake:2  | Succumbed to a guardian serpent's bolt of poison

Illustrated notes

Levels and vault maps discovered:
D:1:      co_arrival_square_in_a_square_in_a_square, layout_basic,
          serial_forest, infiniplex_forest_corner_1, infiniplex_forest_lined_2,
          infiniplex_forest_lined_3, infiniplex_forest_lined_4_way,
          infiniplex_forest_clump_double, infiniplex_forest_end_2
D:2:      layout_basic, basic_altar, shapermc_ecumenical_altar_hornbeckon
D:3:      layout_loops_ring, nicolae_dithmenos_the_darkroom,
          grunt_ministairs_12, uniq_grinder, uniq_robin
D:4:      layout_loops_ring, lemuel_doored_altar, minmay_temple_entry_wispy,
          serial_shops, shop
D:5:      layout_layer_cave, serial_bayou_crossing
D:6:      corexii_shack_village, layout_basic, uniq_duvessa, uniq_pikel,
          uniq_maggie
D:7:      layout_rooms, uniq_joseph, uniq_prince_ribbit1
D:8:      layout_loops_ring, uniq_erica, uniq_gastronok
D:9:      layout_roguey, dpeg_lair_monsters, serial_rivers,
          chequers_serial_rivers_small_b, chequers_serial_rivers_micro_c,
          chequers_serial_rivers_large_b, chequers_serial_rivers_room_b,
          nicolae_shop_firing_range
D:10:     cheibrodos_fzero, layout_basic, gammafunk_temple_overflow_claw,
          orc_david_3, serial_shops, shop, minivault_21, uniq_harold
D:11:     layout_rooms
D:12:     layout_loops_ring
D:13:     layout_irregular_city, uniq_rupert
D:14:     layout_basic, lightli_vaults_fourway_checkpoint, special_room
          [special_room_bee], serial_bayou_pond_d, gauntlet_entry_generic,
          lightli_airlock, uniq_frances
D:15:     gammafunk_depths_entry_grave, layout_stronghold,
          serial_co_window_serial, co_window_paths_a, co_window_paths_a,
          co_window_corner_a, co_window_paths_b, co_window_of_opportunity_a,
          co_window_broadway_c, co_window_of_opportunity_b,
          co_window_unsneaky_path_b, co_window_paths_e, co_window_4corner_b,
          glass_columns_a, glass_columns_a, glass_columns_c,
          nicolae_shop_i_like_big_books
Temple:   minmay_temple_bridge_d
Lair:1:   layout_regular_city, lemuel_fruit_fields, serial_bayou_shore_b
Lair:2:   gammafunk_boulding_lane, layout_concentric_octagons,
          guppyfry_snake_entry_garden, uniq_sonja
Lair:3:   layout_loops_ring, nicolae_shoals_entry_roost, basic_altar, uniq_urug
Lair:4:   layout_regular_city, nicolae_slime_entry_field_trip,
          serial_bayou_shore_a
Lair:5:   hellmonk_lair_end_abyssal_woods, layout_hall_layers,
          ebering_ghost_disaster_area
Snake:1:  layout_rooms
Snake:2:  layout_misc_corridors, serial_shops, nicolae_shop_statue_plus,
          minmay_shop_mass, minmay_shoptagon, uniq_aizul, uniq_vashnia
Orc:1:    layout_caves, uniq_josephine, uniq_erolcha, uniq_jorgrun
Orc:2:    pf_orc_diabolical, layout_caves, uniq_azrael, uniq_donald,
          uniq_maurice

Skill      XL: |  1  2  3  4  5  6  7  8  9 10 11 12 13 14 15 16 |
---------------+-------------------------------------------------+-----
Axes           | 3 4 5 6 8 9 11 12 13 14 15 16 17 | 17.9
Fighting       | 3 6 8 10 11 | 11.1
Armour         | 7 10 | 10.3
Invocations    | 4 7 9 10 | 10.9
Stealth        | 2 6 |  6.0
Dodging        | 5 |  5.3
Shields        | 1 9 11 | 11.0
Throwing       | |  1.7

Action                     |  1- 3 |  4- 6 |  7- 9 | 10-12 | 13-15 | 16-18 || total
---------------------------+-------+-------+-------+-------+-------+-------++-------
  Melee: War axe           |    99 |   117 |    62 |       |       |       ||   278
         Tailslap          |     7 |    12 |    23 |    50 |   214 |    42 ||   348
         Punch             |       |     4 |     1 |     4 |     4 |       ||    13
         Broad axe         |       |       |   113 |   355 |  1122 |   213 ||  1803
  Throw: Throwing net      |       |       |     3 |       |       |       ||     3
         Javelin           |       |       |     1 |       |       |       ||     1
 Invoke: Draw Destruction  |       |       |       |       |    28 |     2 ||    30
         Draw Escape       |       |       |       |       |     1 |       ||     1
  Evoke: Wand              |       |       |     1 |     1 |     3 |       ||     5
         Lightning rod     |       |       |       |     4 |       |       ||     4
    Use: Potion            |       |     3 |     8 |     7 |     6 |       ||    24
         Scroll            |       |       |    15 |     6 |    11 |     3 ||    35
   Stab: Distracted        |     1 |       |       |     2 |       |       ||     3
         Invisible         |       |     1 |       |     9 |       |       ||    10
         Sleeping          |       |     9 |     7 |     4 |     4 |     2 ||    26
         Held in net/web   |       |       |     4 |       |       |       ||     4
         Petrified         |       |       |       |       |     5 |       ||     5
 Armour: Leather armour    |    60 |    52 |    19 |       |       |       ||   131
         Swamp dragon scal |       |       |    26 |    94 |   188 |       ||   308
         Skin              |       |       |     7 |       |       |       ||     7
         Plate armour      |       |       |       |       |   267 |    62 ||   329
  Dodge: Dodged            |    60 |    60 |    45 |   126 |   477 |    28 ||   796
  Block: Other             |       |    32 |    31 |    65 |   120 |       ||   248
         Reflection        |       |     1 |     4 |     8 |    39 |    29 ||    81
         Kite shield       |       |       |       |       |   336 |       ||   336
         Tower shield      |       |       |       |       |    61 |   187 ||   248

Table legend: (Time is in decaauts)
 A = Elapsed time spent in this place.
 B = Non-inter-level travel time spent in this place.
 C = Inter-level travel time spent in this place.
 D = Time resting spent in this place.
 E = Time spent auto-exploring this place.
 F = Levels seen in this place.
 G = Mean time per level.
                   A        B        C        D        E       F      G
               +--------+--------+--------+--------+--------+-----+--------+
         Total |  21703 |  19934 |   1769 |   1113 |  13759 |  27 |  803.8 |
       Dungeon |  13393 |  12055 |   1338 |    600 |   8745 |  15 |  892.9 |
        Temple |      1 |      1 |      0 |      0 |      0 |   1 |    1.0 |
          Lair |   5319 |   4991 |    328 |    259 |   3612 |   5 | 1063.8 |
     Snake Pit |    740 |    720 |     20 |     82 |    452 |   2 |  370.0 |
  Orcish Mines |   1833 |   1752 |     81 |    136 |    940 |   2 |  916.5 |
         Abyss |    107 |    107 |      0 |      0 |      0 |   1 |  107.0 |
      Gauntlet |    307 |    307 |      0 |     36 |      8 |   1 |  307.0 |
               +--------+--------+--------+--------+--------+-----+--------+

Top non-repeatable levels by time:
  Lair:5: 1351 daAuts
    D:10: 1292 daAuts
    D:14: 1247 daAuts
     D:5: 1240 daAuts
  Lair:2: 1220 daAuts
   Orc:2: 1173 daAuts
  Lair:4: 1066 daAuts
     D:9: 1060 daAuts
     D:2: 1007 daAuts
    D:15: 990 daAuts
     D:8: 954 daAuts
  Lair:1: 909 daAuts
     D:6: 812 daAuts
     D:3: 787 daAuts
  Lair:3: 771 daAuts
